 Dungeon Crawl Stone Soup version 0.25-a0-404-gc1b5a34292 (webtiles) character file.

Game seed: 13990403575368224386, levelgen mode: deterministic

15472 Ijustatesigmund the Basher (level 12, -7/78 HPs)
             Began as a Gargoyle Fighter on Jan 11, 2020.
             Was an Initiate of Cheibriados.
             Killed by divine providence
             ... invoked by a meliai
              (13 damage)
             ... on level 12 of the Dungeon.
             The game lasted 00:29:29 (12347 turns).

Ijustatesigmund the Basher (Gargoyle Fighter)      Turns: 12347, Time: 00:29:30

Health: -7/78      AC: 20    Str: 21    XL:     12   Next: 27%
Magic:  13/13      EV: 12    Int: 12    God:    Cheibriados [......]
Gold:   393        SH: 12    Dex: 15    Spells: 11/11 levels left

rFire    . . .     SeeInvis .   a - +0 morningstar
rCold    + . .     Gourm    .   c - +1 shield
rNeg     + . .     Faith    .   p - +0 troll leather armour
rPois    ∞         Spirit   .   j - +0 helmet
rElec    +         Reflect  .   G - scarf {repulsion}
rCorr    .         Harm     .   (no gloves)
MR       .....                  (no boots)
Stlth    ++........             (no amulet)
HPRegen  0.63/turn              d - +2 ring of protection
MPRegen  0.13/turn              k - ring of protection from cold

@: repel missiles, very slow
A: fangs 1, icy blue scales 1, thin skeletal structure 1, negative energy
resistance 1, electricity resistance, unbreathing, petrification resistance, rot
immunity, AC +8
a: Bend Time, Renounce Religion


You were on level 12 of the Dungeon.
You worshipped Cheibriados.
Cheibriados was noncommittal.
You were not hungry.

You visited 3 branches of the dungeon, and saw 14 of its levels.

You collected 768 gold pieces.
You spent 375 gold pieces at shops.

Inventory:

Hand Weapons
 a - a +0 morningstar (weapon)
Missiles
 C - 5 curare-tipped darts
 E - 3 atropa-tipped darts (quivered)
Armour
 c - a +1 shield (worn)
 j - a +0 helmet (worn)
 p - a +0 troll leather armour (worn)
 G - a scarf of repulsion (worn)
Jewellery
 d - a +2 ring of protection (left hand)
 g - an uncursed ring of protection from magic
 k - a ring of protection from cold (right hand)
 r - an uncursed ring of ice
 w - an uncursed ring of fire
Wands
 b - a wand of clouds (1)
 s - a wand of random effects (16)
 t - a wand of paralysis (8)
Scrolls
 m - 5 scrolls of fog
 n - 2 scrolls of immolation
 o - a scroll of enchant armour
 q - 3 scrolls of amnesia
 z - a scroll of magic mapping
 F - 2 scrolls of remove curse
Potions
 e - 2 potions of resistance
 h - a potion of cancellation
 i - a potion of lignification {unknown}
 l - a potion of magic
 v - 2 potions of ambrosia
 x - a potion of flight {unknown}
 A - a potion of haste {unknown}
 B - a potion of degeneration {unknown}
 D - 2 potions of brilliance {unknown}
Comestibles
 f - 15 rations


   Skills:
 + Level 10.4 Fighting
 + Level 12.1 Maces & Flails
 - Level 4.0 Throwing
 - Level 10.0 Armour
 + Level 4.3 Dodging
 - Level 6.6 Shields
 + Level 2.6 Invocations


You had 11 spell levels left.
You didn't know any spells.
Your spell library contained the following spells:

 Spells                   Type           Power        Failure   Level  Hunger
 Freeze                   Ice            #...         73%         1    ##.....
 Summon Small Mammal      Summ           #...         73%         1    ##.....
 Call Imp                 Summ           #.......     86%         2    ###....
 Call Canine Familiar     Summ           #.......     97%         3    ####...
 Ozocubu's Armour         Chrm/Ice       #.......     97%         3    ####...
 Summon Guardian Golem    Hex/Summ       #.......     97%         3    ####...
 Hailstorm                Conj/Ice       #.......     100%        4    #####..
 Summon Ice Beast         Ice/Summ       #.......     100%        4    #####..
 Summon Lightning Spire   Summ/Air       #.......     100%        4    #####..


Dungeon Overview and Level Annotations

Branches:
Dungeon (12/15)            Temple (1/1) D:7            Lair (1/6) D:11
    Orc (0/2) D:11

Altars:
Ashenzari
Cheibriados
Dithmenos
Elyvilon
Fedhas
Gozag
Hepliaklqana
Kikubaaqudgha
Makhleb
Nemelex Xobeh
Okawaru
Qazlal
Ru
Sif Muna
Trog
Uskayaw
Vehumet
Wu Jian
Xom
Yredelemnul
Zin
The Shining One

Shops:
D:9 !([*!


Innate Abilities, Weirdness & Mutations

You are resistant to torment.
Your stone body is resilient. (AC +8)
You are immune to poison.
You resist negative energy. (rN+)
You are resistant to electric shocks. (rElec)
You can survive without breathing.
You are immune to petrification.
You are immune to rotting.
You have very sharp teeth.
You are partially covered in icy blue scales. (AC +2)
You have a somewhat thin skeletal structure. (Dex +2, Stealth)


Message History

The meliai is engulfed in noxious fumes.
The meliai appears confused.
The killer bee is engulfed in noxious fumes.
The killer bee appears confused.
The meliai is engulfed in noxious fumes.
The killer bee is engulfed in noxious fumes.
The killer bee appears confused.
You block the killer bee's attack.
You hear an angry buzzing noise. x3
The meliai calls down the wrath of its god upon you.
Something smites you!
* * * LOW HITPOINT WARNING * * *
The killer bee is engulfed in noxious fumes.
The killer bee appears confused.
The meliai is engulfed in noxious fumes.
You block the killer bee's attack.
The meliai is engulfed in noxious fumes.
The meliai appears confused.
The meliai calls down the wrath of its god upon you.
Something smites you!
You die...

######
#...yy
+§○§☼#
#§§○§####
#§§§§§..#
#§y§§...+
#..§y@..#
######'##
##..# #..##
#.##
#####'######
#..........#
#..........+
#..........#


You could see 2 meliai and a killer bee (confused).

Vanquished Creatures
  Harold (D:8)
  A two-headed ogre (D:9)
  Nergalle (Lair:1)
  An ugly thing (D:11)
  A deep elf mage (D:12)
  A cyclops (D:11)
  2 spiny frogs (Lair:1)
  A gargoyle (D:9)
  A centaur skeleton (D:11)
  Maggie (D:9)
  A komodo dragon (Lair:1)
  A hornet (D:10)
  A meliai (D:12)
  4 trolls
  8 yaks
  Grum (D:8)
  2 hungry ghosts (D:8)
  An acid dragon (D:11)
  3 water moccasins
  2 ice beasts
  A porcupine (Lair:1)
  2 sky beasts
  6 orc warriors
  5 black bears
  9 ogres
  5 phantoms
  2 wolves (D:8)
  10 centaurs
  6 big kobolds
  8 bullfrogs
  A gnoll sergeant (D:9)
  4 scorpions
  6 killer bees (D:10)
  6 wights
  6 howler monkeys
  2 crimson imps
  A bullfrog zombie (D:9)
  11 hounds
  3 jellies
  7 orc priests
  3 gnoll shamans
  9 orc wizards
  2 bullfrog skeletons
  Jessica (D:2)
  Ijyb (D:4)
  2 iguanas
  8 worker ants
  A killer bee zombie (D:10)
  2 hound zombies
  A hound skeleton (D:4)
  2 mummies (D:9)
  2 howler monkey zombies
  A howler monkey skeleton (D:7)
  13 adders
  12 gnolls
  6 shadow imps
  2 oozes
  2 adder skeletons
  A worm (D:4)
  A dart slug (D:4)
  4 leopard geckos
  49 orcs
  5 bats
  5 giant cockroaches
  4 goblins
  13 hobgoblins
  16 jackals
  29 kobolds
  2 quokkas
  6 frilled lizards
  A leopard gecko skeleton (D:4)
  A quokka skeleton (D:7)
  A quokka zombie (D:6)
  5 rats
  A fungus (Lair:1)
350 creatures vanquished.

Vanquished Creatures (others)
  2 orcs (D:9)
  2 kobolds (D:11)
4 creatures vanquished.

Grand Total: 354 creatures vanquished

Notes
Turn   | Place    | Note
-------+----------+-------------------------------------------
     0 | D:1      | Ijustatesigmund the Gargoyle Fighter began the quest for
                  | the Orb.
     0 | D:1      | Reached XP level 1. HP: 14/14 MP: 1/1
   271 | D:1      | Reached XP level 2. HP: 19/19 MP: 2/2
   663 | D:1      | Reached skill level 3 in Maces & Flails
   733 | D:2      | Reached XP level 3. HP: 21/23 MP: 3/3
   781 | D:2      | Noticed Jessica
   795 | D:2      | Killed Jessica
   795 | D:2      | Reached skill level 4 in Maces & Flails
  1047 | D:2      | Reached XP level 4. HP: 26/28 MP: 4/4
  1966 | D:3      | Reached XP level 5. HP: 27/32 MP: 5/5
  2113 | D:4      | Found a radiant altar of Vehumet.
  2116 | D:4      | Reached skill level 5 in Maces & Flails
  2135 | D:4      | Noticed Ijyb
  2144 | D:4      | Killed Ijyb
  2170 | D:4      | Reached XP level 6. HP: 37/37 MP: 6/6
  2195 | D:4      | Gained mutation: You have a somewhat thin skeletal
                  | structure. (Dex +2, Stealth) [potion of mutation]
  2195 | D:4      | Gained mutation: You are partially covered in icy blue
                  | scales. (AC +2) [potion of mutation]
  2195 | D:4      | Gained mutation: You have very sharp teeth. [potion of
                  | mutation]
  2224 | D:4      | Reached skill level 6 in Maces & Flails
  2664 | D:3      | Reached skill level 7 in Maces & Flails
  2667 | D:3      | Reached XP level 7. HP: 18/41 MP: 3/7
  2984 | D:4      | Found a shimmering altar of Xom.
  2985 | D:4      | Found a burning altar of Makhleb.
  3140 | D:5      | Entered Level 5 of the Dungeon
  3305 | D:5      | Reached skill level 8 in Maces & Flails
  4065 | D:5      | Reached XP level 8. HP: 32/48 MP: 5/8
  4651 | D:6      | Reached skill level 9 in Maces & Flails
  4955 | D:6      | Found a shimmering blue altar of Sif Muna.
  5268 | D:7      | Found a staircase to the Ecumenical Temple.
  5347 | D:6      | Reached skill level 5 in Fighting
  5354 | D:7      | Reached skill level 5 in Armour
  5354 | D:7      | Reached skill level 5 in Shields
  5389 | D:7      | Reached XP level 9. HP: 50/54 MP: 9/9
  5462 | D:7      | Found a shadowy altar of Dithmenos.
  6276 | D:8      | Reached skill level 10 in Maces & Flails
  6327 | D:8      | Found an opulent altar of Gozag.
  6327 | D:8      | Found a sparkling altar of Nemelex Xobeh.
  6479 | D:8      | Reached skill level 1 in Throwing
  6483 | D:8      | Reached skill level 1 in Dodging
  6592 | D:8      | Noticed Harold
  6610 | D:8      | Killed Harold
  6610 | D:8      | Reached XP level 10. HP: 52/61 MP: 10/10
  6612 | D:8      | Noticed Grum
  6646 | D:8      | Killed Grum
  7029 | D:10     | Entered Level 10 of the Dungeon
  7190 | D:10     | Noticed a gargoyle
  7250 | D:9      | Killed a gargoyle
  7448 | D:9      | Found a stormy altar of Qazlal.
  7571 | D:9      | Found a basalt altar of Yredelemnul.
  7574 | D:9      | Found a hide-covered altar of Uskayaw.
  7575 | D:9      | Noticed a two-headed ogre
  7608 | D:9      | Found Jerael's Assorted Antiques.
  7612 | D:9      | Killed a two-headed ogre
  7621 | D:9      | Noticed Maggie
  7871 | D:10     | Reached XP level 11. HP: 58/68 MP: 11/11
  8211 | D:9      | Killed Maggie
  8244 | D:9      | Reached skill level 11 in Maces & Flails
  8288 | D:9      | Bought a runed chain mail for 255 gold pieces
  8413 | D:9      | Found Zaonlum's Antique Weapon Shoppe.
  8420 | D:9      | Found a sacrificial altar of Ru.
  8425 | D:9      | Found Zeopsu's Armour Shoppe.
  8429 | D:9      | Bought a scarf of repulsion for 120 gold pieces
  8510 | D:9      | Found Hizop's Distillery.
  8755 | D:9      | Found a glowing silver altar of Zin.
  8787 | D:9      | Found Wuzxar's Distillery.
  8858 | D:9      | Found an ancient bone altar of Kikubaaqudgha.
  9048 | D:9      | Found a sacrificial altar of Ru.
  9792 | D:10     | Found an opulent altar of Gozag.
 10319 | D:11     | Noticed a brown ugly thing
 10337 | D:11     | Killed a brown ugly thing
 10365 | D:11     | Found a staircase to the Orcish Mines.
 10480 | D:11     | Found a staircase to the Lair.
 11183 | D:12     | Noticed a cyclops
 11538 | D:11     | Killed a cyclops
 11538 | D:11     | Reached skill level 10 in Fighting
 11538 | D:11     | Reached skill level 10 in Armour
 11538 | D:11     | Reached XP level 12. HP: 71/77 MP: 12/12
 11636 | Temple   | Entered the Ecumenical Temple
 11702 | Temple   | Became a worshipper of Cheibriados the Contemplative
 11810 | Lair:1   | Entered Level 1 of the Lair of Beasts
 11866 | Lair:1   | Reached skill level 12 in Maces & Flails
 11866 | Lair:1   | Reached skill level 1 in Invocations
 11982 | Lair:1   | Noticed Nergalle
 12007 | Lair:1   | Killed Nergalle
 12345 | D:12     | HP: 2/78 [meliai/divine providence (15)]
 12347 | D:12     | Killed from afar by a meliai

Levels and vault maps discovered:
D:1:      lightli_arrival_boilingwater, layout_basic
D:2:      layout_loops_ring, uniq_jessica
D:3:      layout_loops_ring, minmay_misc_feat_cross
D:4:      layout_rooms, grunt_temple_overflow_champion_of_chaos,
          fiery_altar_vehumet, uniq_ijyb
D:5:      layout_layer_cave, first_ration, minmay_diced_spiral
D:6:      layout_cave_pools, marbit_many_paths
D:7:      layout_cave_pools, grunt_dithmenos_shadows, minmay_temple_entry_tees
D:8:      wander_river, layout_rooms, grunt_temple_overflow_opulence, uniq_grum,
          uniq_harold
D:9:      kennysheep_housing_project, layout_basic, old_standard_altar,
          lemuel_crystal_altar, grunt_temple_overflow_open, old_standard_altar,
          serial_shops, shop, shop, nicolae_shop_competitors_out_of_business,
          shop, nicolae_shop_trees, serial_undead, serial_undead_c,
          serial_undead_d, serial_undead_f, serial_undead_e, basic_altar,
          uniq_maggie
D:10:     layout_rooms, grunt_ogre_cave, grunt_gozag_statues
D:11:     lemuel_flame_loot_2, layout_long_grid, lair_entry_dummy, david_orc_2,
          palyth_stone_intersect
D:12:     layout_roguey, maelrawn_ghost_gauntlet_escape, special_room
          [special_room_bee], uniq_jorgrun, uniq_fannar
Temple:   jpeg_temple_island
Lair:1:   layout_cave_pods, nicolae_quartered_pool_medium, grunt_megastairs_3,
          uniq_nergalle

Skill      XL: |  1  2  3  4  5  6  7  8  9 10 11 12 |
---------------+-------------------------------------+-----
Maces & Flails | 3 4 5 7 8 9 10 11 12 | 12.1
Fighting       | 5 6 7 10 | 10.4
Armour         | 5 6 7 10 | 10.0
Shields        | 5 6 |  6.6
Throwing       | 3 4 |  4.0
Dodging        | 2 3 4 |  4.3
Invocations    | 2 |  2.6

Action                   |  1- 3 |  4- 6 |  7- 9 | 10-12 || total
-------------------------+-------+-------+-------+-------++-------
Melee: Flail             |    75 |   197 |    95 |       ||   367
       Bite              |       |     6 |    66 |   117 ||   189
       Morningstar       |       |       |   393 |   811 ||  1204
Throw: Dart              |       |       |     8 |    25 ||    33
Evoke: Wand              |       |       |       |     8 ||     8
  Use: Scroll            |     5 |     8 |     3 |     9 ||    25
       Potion            |       |     2 |       |     7 ||     9
 Stab: Invisible         |       |       |     1 |       ||     1
       Sleeping          |       |       |       |     1 ||     1
       Paralysed         |       |       |       |     3 ||     3
  Eat: Chunk             |       |     6 |    10 |    17 ||    33
       Ration            |       |       |     4 |     1 ||     5
Armor: Scale mail        |    28 |    85 |   180 |       ||   293
       Plate armour      |       |       |   101 |   249 ||   350
       Troll leather arm |       |       |       |   180 ||   180
       Chain mail        |       |       |       |    61 ||    61
Dodge: Dodged            |    15 |    47 |   105 |   357 ||   524
       Deflected         |       |       |       |    11 ||    11
Block: Shield            |    41 |   101 |   317 |   608 ||  1067

Table legend:
 A = Non-vault XP
 B = Vault XP
 C = Vault XP percentage of total XP
 D = Non-vault monster count
 E = Vault monster count
 F = Vault count percentage of total count
                 A         B        C        D         E       F
            +---------+---------+-------+---------+---------+-------
      Total |   16287 |    5816 |  26.3 |     288 |      61 |  17.5
            +---------+---------+-------+---------+---------+-------
        D:1 |      26 |       0 |   0.0 |      16 |       0 |   0.0
        D:2 |      44 |      37 |  45.7 |      20 |       1 |   4.8
        D:3 |     276 |       0 |   0.0 |      27 |       0 |   0.0
        D:4 |     232 |      86 |  27.0 |      16 |       2 |  11.1
        D:5 |     646 |      53 |   7.6 |      21 |       2 |   8.7
        D:6 |     721 |       0 |   0.0 |      23 |       0 |   0.0
        D:7 |     662 |     129 |  16.3 |      24 |       1 |   4.0
        D:8 |    1946 |    1446 |  42.6 |      34 |       4 |  10.5
        D:9 |    2916 |    1624 |  35.8 |      30 |      35 |  53.8
       D:10 |    2548 |     149 |   5.5 |      29 |       3 |   9.4
       D:11 |    4479 |     536 |  10.7 |      41 |       8 |  16.3
       D:12 |     584 |     310 |  34.7 |       2 |       1 |  33.3
     Temple |     124 |       0 |   0.0 |       1 |       0 |   0.0
     Lair:1 |    1083 |    1446 |  57.2 |       4 |       4 |  50.0
            +---------+---------+-------+---------+---------+-------
